 Dungeon Crawl Stone Soup version 0.18.1-48-g4cf74bf (webtiles) character file.

198 kosy22 the Caller (level 5, -11/29 HPs)
             Began as a Tengu Summoner on Aug 18, 2016.
             Mangled by an ice beast (14 damage)
             ... on level 4 of the Dungeon.
             The game lasted 00:16:27 (3254 turns).

kosy22 the Caller (Tengu Summoner)                  Turns: 3254, Time: 00:16:27

Health: -11/29     AC:  3    Str:  8    XL:     5   Next: 76%
Magic:  9/11       EV: 14    Int: 17    God:
Gold:   149        SH:  0    Dex: 14    Spells: 4 memorised, 2 levels left

rFire  . . .     SeeInvis .     g - +1 mace (drain)
rCold  . . .     Gourm    .     a - +1 robe
rNeg   . . .     Faith    .     (no shield)
rPois  .         Spirit   .     (helmet restricted)
rElec  .         Dismiss  .     (no cloak)
rCorr  .         Reflect  .     (no gloves)
SustAt .         Harm     .     (boots unavailable)
MR     +....                    (no amulet)
Stlth  ++........               (no ring)
                                l - ring of protection from magic

@: somewhat resistant to hostile enchantments, unstealthy
A: beak, talons 3, able to fly 1
a: Fly


You were on level 4 of the Dungeon.
You were very hungry.

You visited 1 branch of the dungeon, and saw 4 of its levels.

You collected 149 gold pieces.

Inventory:

Hand Weapons
 g - a +1 mace of draining (weapon)
Missiles
 t - 2 tomahawks (quivered)
Armour
 a - a +1 robe (worn)
 d - a +0 ring mail
Jewellery
 l - a ring of protection from magic (left hand)
Scrolls
 k - 2 scrolls of identify
 n - 2 scrolls of fog {unknown}
 o - a scroll of amnesia {unknown}
 r - 2 scrolls of teleportation {unknown}
Potions
 e - 4 potions of heal wounds {unknown}
 f - 2 potions of degeneration {unknown}
 j - a potion of curing {unknown}
 m - a potion of brilliance {unknown}
 q - a potion of mutation {unknown}
Books
 b - a book of Callings

   Spells                             Type                      Level
   a - Summon Small Mammal            Summoning                    1
   b - Call Imp                       Summoning                    2
   c - Call Canine Familiar           Summoning                    3
   d - Summon Guardian Golem          Hexes/Summoning              3
   e - Summon Lightning Spire         Summoning/Air                4
   f - Summon Ice Beast               Ice/Summoning                4
 p - a book of the Earth

   Spells                             Type                      Level
   a - Leda's Liquefaction            Hexes/Earth                  4
   b - Bolt of Magma                  Conjuration/Fire/Earth       5
   c - Statue Form                    Transmutation/Earth          6
   d - Iron Shot                      Conjuration/Earth            6
   e - Shatter                        Earth                        9
Comestibles
 c - a bread ration
 h - a meat ration
 i - 2 slices of pizza
 s - 5 fruits
 u - 2 beef jerkies
 v - 6 chunks of flesh


   Skills:
 + Level 1.2 Fighting
 + Level 3.9 Dodging
 - Level 2.1 Stealth
 + Level 3.7 Spellcasting
 - Level 5.5 Summonings


You had 2 spell levels left.
You knew the following spells:

 Your Spells              Type           Power        Failure   Level  Hunger
a - Summon Small Mammal   Summ           ###.         1%          1    None
b - Call Imp              Summ           ###.....     2%          2    ##.....
c - Call Canine Familiar  Summ           ###.....     8%          3    ###....
d - Summon Guardian Gole  Hex/Summ       ##......     17%         3    ###....


Dungeon Overview and Level Annotations

Branches:
Dungeon (4/15)
 Temple: D:4-7

Altars:
Ashenzari
Kikubaaqudgha
Ru


Innate Abilities, Weirdness & Mutations

You have a beak for a mouth.
You have claws for feet.
You can fly.


Message History

Your white imp resists.
Your hound misses the ice beast.
Your white imp hits the ice beast but does no damage.
Your hound disappears in a puff of smoke!
The ice beast closely misses your white imp.
Your white imp hits the ice beast but does no damage.
The ice beast completely misses your white imp.
Your white imp barely misses the ice beast.
The ice beast hits your white imp. The ice beast freezes your white imp.
Your white imp resists.
Your white imp dies!
The ice beast hits you but does no damage.
The ice beast hits you. The ice beast freezes you!
* * * LOW HITPOINT WARNING * * *
Your magical contamination has completely faded away.
You are feeling very hungry.
The ice beast hits you.
* * * LOW HITPOINT WARNING * * *
The ice beast freezes you!
You die...

######
#....#######+##
#.....#.......# #
#.....#.......#
#.#...@.#.......###
#....Y#.#.........#
#.....#...........#
+.................+
#....####.........#
#.... ######....+
##... ........).#
#... .#####....#
#... #####...##


You could see an ice beast.

Vanquished Creatures
  An adder (D:2)
  A giant gecko (D:3)
  2 giant cockroaches
  2 hobgoblins
  A kobold (D:3)
  5 bats
  3 giant newts
  5 goblins
  3 rats
23 creatures vanquished.

Vanquished Creatures (collateral kills)
  An ogre (D:4)
  A phantom (D:3)
  7 adders
  An adder skeleton (D:4)
  2 worms
  A giant gecko (D:3)
  4 orcs (D:3)
  3 giant cockroaches
  5 goblins
  2 hobgoblins
  4 kobolds
  2 bats (D:1)
  2 giant newts
  3 rats
38 creatures vanquished.

Grand Total: 61 creatures vanquished

Notes
Turn   | Place    | Note
--------------------------------------------------------------
     0 | D:1      | kosy22 the Tengu Summoner began the quest for the Orb.
     0 | D:1      | Reached XP level 1. HP: 10/10 MP: 4/4
   235 | D:1      | Reached skill level 5 in Summonings
   286 | D:1      | Reached XP level 2. HP: 9/15 MP: 0/6
   297 | D:1      | Learned a level 2 spell: Call Imp
   949 | D:2      | Reached XP level 3. HP: 6/19 MP: 4/7
  1755 | D:3      | Reached skill level 1 in Fighting
  1755 | D:3      | Reached XP level 4. HP: 23/25 MP: 6/8
  1778 | D:3      | Learned a level 3 spell: Call Canine Familiar
  2409 | D:3      | Noticed a phantom
  2460 | D:3      | Killed a phantom
  2460 | D:3      | Gained mutation: You can fly. [Tengu growth]
  2460 | D:3      | Reached XP level 5. HP: 13/29 MP: 2/10
  2960 | D:3      | Found an ancient bone altar of Kikubaaqudgha.
  2960 | D:3      | Found a sacrificial altar of Ru.
  2960 | D:3      | Found a shattered altar of Ashenzari.
  3007 | D:3      | Learned a level 3 spell: Summon Guardian Golem
  3043 | D:4      | Noticed an ogre
  3058 | D:4      | Killed an ogre
  3178 | D:4      | Noticed an ice beast
  3254 | D:4      | Mangled by an ice beast

Skill      XL: |  1  2  3  4 |
---------------+-------------+-----
Summonings     | 5 |  5.5
Fighting       | 1 |  1.2
Dodging        | 3 |  3.9
Spellcasting   | 3 |  3.7
Stealth        | |  2.1

Action                   |  1- 3 |  4- 6 || total
-------------------------+-------+-------++-------
Melee: Unarmed           |     3 |       ||     3
       Kick              |     8 |     8 ||    16
       Mace              |    40 |    25 ||    65
       Peck              |     4 |     4 ||     8
Throw: Tomahawk          |       |     2 ||     2
 Cast: Summon Small Mamm |    16 |     3 ||    19
       Call Imp          |    11 |     9 ||    20
       Call Canine Famil |       |    10 ||    10
       Summon Guardian G |       |     1 ||     1
  Use: Scroll            |     1 |     1 ||     2
 Stab: Sleeping          |       |     1 ||     1
  Eat: Bread ration      |     1 |     1 ||     2
Armor: Robe              |    37 |     9 ||    46
Dodge: Dodged            |    70 |    36 ||   106
